 Seeded DCSS version 0.30-a0-1075-gcd70e7a56d (webtiles) character file.

Game seed: 9984866775504283061 (custom seed)

12177 Pimp the Protected (level 11, -9/151 HPs)
             Began as an Armataur Fighter on Apr 14, 2023.
             Was a High Priest of Okawaru.
             Mangled by an orc warrior
             ... wielding a +0 broad axe
              (11 damage)
             ... on level 2 of the Orcish Mines.
             The game lasted 00:29:39 (11191 turns).

Pimp the Protected (Armataur Fighter)              Turns: 11191, Time: 00:29:39

Health: -9/151     AC: 24    Str: 29 (35) XL:     11   Next: 59%
Magic:  11/11      EV:  5    Int: 11 (15) God:    Okawaru [*****.]
Gold:   481        SH:  6    Dex: 11 (12) Spells: 10/10 levels left

rFire   + + .      SeeInvis .    S - +4 flail (freeze)
rCold   + . .      Faith    .    c - +0 buckler
rNeg    . . .      Spirit   .    l - +2 chain mail {rC+}
rPois   +          Reflect  .    e - +2 helmet
rElec   +          Roll     +    x - scarf "Qiwacara" {rC+ rF+, rElec}
rCorr   .                        (no gloves)
Will    .....                    h - +2 barding Stlth
                                 (no amulet)
HPRegen 0.45/turn                q - ring of Geqo {Fire rPois Str+3 Int+6 Dex+3}
MPRegen 0.12/turn                d - +6 ring of strength

@: berserking, very quick
A: large, rugged brown scales 3, deformed body, armoured tail, roll, long
tongue, awkward tongue
a: Renounce Religion, Heroism, Finesse, Duel


You were on level 2 of the Orcish Mines.
You worshipped Okawaru.
Okawaru was extremely pleased with you.
You visited 3 branches of the dungeon, and saw 12 of its levels.

You collected 691 gold pieces.
You spent 210 gold pieces at shops.

Inventory:

Hand Weapons
 a - a +1 vampiric flail
 g - a +0 mace
 v - the +3 long sword "Gyviyt Fenk" {venom, +Blink rElec Will++ Int-3}
   (Okawaru gifted it to you on level 9 of the Dungeon)

   Int:       It affects your intelligence (-3).
   rElec:     It insulates you from electricity.
   +Blink:    It lets you blink.
   Will:      It greatly increases your willpower.
 E - a +3 great mace of freezing
 G - a +2 morningstar of flaming
 S - a +4 flail of freezing (weapon)
 X - a +2 morningstar of venom
Missiles
 i - a throwing net (quivered)
 o - 2 javelins
Armour
 b - a +0 scale mail
 c - a +0 buckler (worn)
 e - a +2 helmet (worn)
 h - a +2 barding (worn)
 k - a +0 chain mail
 l - a +2 chain mail of cold resistance (worn)
 x - the scarf "Qiwacara" (worn) {rC+ rF+, rElec}
   (You acquired it on level 3 of the Dungeon)

   rElec:     It insulates you from electricity.
 z - a +0 plate armour
 T - +0 steam dragon scales
Jewellery
 d - a +6 ring of strength (right hand)
 f - a +6 ring of dexterity
 q - the ring of Geqo (left hand) {Fire rPois Str+3 Int+6 Dex+3}
   (You acquired it on level 3 of the Dungeon)

   [ring of fire]

   It enhances your fire magic.
   Str:       It affects your strength (+3).
   Int:       It affects your intelligence (+6).
   Dex:       It affects your dexterity (+3).
   rF:        It protects you from fire.
   rC:        It makes you vulnerable to cold.
   rPois:     It protects you from poison.
 B - a ring of ice
 L - a ring of protection from fire
 O - a ring of positive energy
Wands
 u - a wand of digging (3)
 P - a wand of quicksilver (5)
 Q - a wand of roots (7)
Scrolls
 m - a scroll of magic mapping
 w - a scroll of poison
 y - 2 scrolls of noise
 C - 2 scrolls of amnesia
 R - a scroll of blinking
 U - a scroll of fog
 W - 2 scrolls of immolation
Potions
 n - 3 potions of attraction
 p - 3 potions of brilliance
 r - 3 potions of cancellation
 s - 3 potions of lignification
 D - a potion of degeneration
 I - a potion of mutation {unknown}
 K - a potion of resistance {unknown}
 M - 2 potions of magic
 N - a potion of ambrosia {unknown}
Miscellaneous
 F - a lightning rod (4/4)


   Skills:
 + Level 8.6 Fighting
 * Level 10.1 Maces & Flails
 + Level 11.2 Armour
 + Level 10.3 Shields


You had 10 spell levels left.
You didn't know any spells.
Your spell library contained the following spells:

 Spells                   Type           Power      Damage    Failure   Level
 Necrotise                Necr           0%         1d4       80%         1
 Sublimation of Blood     Necr           0%         N/A       90%         2
 Dazzling Flash           Conj/Hex       0%         N/A       99%         3
 Vampiric Draining        Necr           0%         2d6       99%         3
 Vhi's Electric Charge    Tloc/Air       0%         N/A       99%         3
 Volatile Blastmotes      Fire/Tloc      0%         2d10      99%         3
 Iskenderun's Mystic Bla  Conj/Tloc      0%         2d3       100%        4
 Petrify                  Tmut/Erth      0%         N/A       100%        4
 Agony                    Necr           0%         N/A       100%        5
 Arcjolt                  Conj/Air       0%         1d10      100%        5
 Irradiate                Conj/Tmut      0%         3d11      100%        5
 Iskenderun's Battlesphe  Conj           0%         2d6       100%        5
 Iron Shot                Conj/Erth      0%         9d1       100%        6
 Starburst                Conj/Fire      0%         6d3       100%        6
 Maxwell's Capacitive Co  Air            0%         ∞         100%        8
 Spellforged Servitor     Conj/Summ      Unusable   N/A       N/A         7

Dungeon Overview and Level Annotations

Branches:
Dungeon (9/15)             Temple (1/1) D:4             Orc (2/2) D:9
    Elf (0/3) Orc:2
   Lair: D:8-11

Altars:
Ashenzari
Cheibriados
Dithmenos
Fedhas
Gozag
Hepliaklqana
Kikubaaqudgha
Makhleb
Nemelex Xobeh
Okawaru
Qazlal
Ru
Sif Muna
Trog
Uskayaw
Vehumet
Wu Jian
Xom
Yredelemnul
Zin
The Shining One

Shops:
D:6 *


Innate Abilities, Weirdness & Mutations

You are completely covered in rugged brown scales. (AC +3, +7% HP)
Armour fits poorly on your strangely shaped body.
You have a long armoured tail.
You roll when moving toward enemies. (Rampage)
Your long tongue fully drains potion bottles. (2x potion effects)
Your tongue gives you trouble enunciating. (1.5x scroll delay)


Message History

The orc knight hits you with a +0 glaive!
You miss the orc knight.
The orc knight is lightly wounded.
The orc warrior hits you from afar with a +0 glaive!!
The orc warrior shoots a bolt.
You block the bolt.
The orc warrior shoots a bolt.
The bolt hits you but does no damage.
The orc knight hits you but does no damage.
You thump the orc knight! You freeze the orc knight.
The orc knight is moderately wounded.
The orc warrior shoots a bolt.
You block the bolt. The orc warrior barely misses you.
You hit the orc knight. You freeze the orc knight.
The orc knight is moderately wounded.
You block the orc knight's attack.
The orc warrior unwields a +0 arbalest.
The orc warrior wields a +0 broad axe.
The orc warrior hits you but does no damage.
The orc warrior hits you from afar with a +0 glaive.
You barely miss the orc knight.
The orc knight is moderately wounded.
The orc knight hits you with a +0 glaive!
* * * LOW HITPOINT WARNING * * *
It was a potion of berserk rage.
A red film seems to cover your vision as you go berserk!
You feel yourself moving faster!
You feel mighty!
You slurp down every last drop of the potion of berserk rage!
The orc warrior closely misses you.
The orc warrior unwields a +0 arbalest.
The orc warrior wields a +0 glaive.
The orc warrior barely misses you.
The orc warrior hits you but does no damage.
The orc knight hits you but does no damage.
You thump the orc knight! You freeze the orc knight!
The orc knight is severely wounded.
The orc warrior hits you from afar with a +0 glaive!!
* * * LOW HITPOINT WARNING * * *
The orc warrior unwields a +0 arbalest.
The orc warrior wields a +0 battleaxe.
The orc warrior hits you with a +0 battleaxe!!
* * * LOW HITPOINT WARNING * * *
The orc warrior barely misses you.
The orc knight hits you but does no damage.
The orc warrior hits you with a +0 broad axe!
You die...

............. ..
............
...#.....≈≈≈≈##
...#......≈≈≈≈###
.............≈≈≈≈##
....#....o.....≈≈≈#
....##.ooo......≈≈#
.....##o@##..##...#
...........)......
.##.....))........
#......[........
##......<)..#....
#................
#.<..............
##............#..
##.............#


You could see an orc knight and 4 orc warriors.

Vanquished Creatures
  A two-headed ogre (D:9)
  Erica (D:9)
  A tengu warrior (D:9)
  The ghost of BlueFalcon the Thaumaturge, a novice DjVM of Ashenzari (D:9)
  The ghost of Pimp the Blocker, a novice FoFi (D:5)
  An orc sorcerer (Orc:1)
  An oklob plant (D:9)
  An ice statue (D:9)
  A tengu conjurer (D:9)
  Grinder (D:5)
  A hornet (D:8)
  A wyvern (D:8)
  9 yaks
  A human (D:5)
  2 steam dragons
  A warg (Orc:1)
  A water moccasin (D:7)
  An acid dragon (D:9)
  A sky beast (D:7)
  The ghost of retardedninja the Trooper, an amateur NaFi (D:3)
  16 orc warriors
  A black bear (D:6)
  An ogre (D:5)
  7 centaurs
  4 kobold brigands
  A scorpion (D:6)
  2 bullfrogs
  16 wights
  An electric eel (D:9)
  9 howler monkeys
  4 jellies
  7 orc priests
  7 hounds
  2 gnoll boudas
  2 sleepcaps
  4 iguanas
  8 orc wizards
  10 adders
  23 gnolls
  3 shadow imps
  5 ufetubi
  2 dart slugs
  52 orcs
  7 ball pythons
  5 endoplasms
  4 giant cockroaches
  6 goblins
  4 hobgoblins
  15 jackals
  3 quokkas
  6 bats
  7 frilled lizards
  A goblin zombie (D:5)
  24 kobolds
  A kobold zombie (D:5)
  8 rats
  A spectral kobold (D:9)
308 creatures vanquished.

Vanquished Creatures (others)
  An orc wizard (D:8)
  A fungus (D:3)
  3 plants (D:3)
5 creatures vanquished.

Grand Total: 313 creatures vanquished

Notes
Turn   | Place    | Note
-------+----------+-------------------------------------------
     0 | D:1      | Pimp the Armataur Fighter began the quest for the Orb.
     0 | D:1      | Reached XP level 1. HP: 19/19 MP: 1/1
   190 | D:1      | Reached XP level 2. HP: 24/26 MP: 2/2
   446 | D:1      | Reached skill level 4 in Armour
   657 | D:2      | Reached XP level 3. HP: 33/33 MP: 3/3
  1117 | D:3      | Reached XP level 4. HP: 40/40 MP: 4/4
  1140 | D:3      | Identified 2 scrolls of acquirement
  1140 | D:3      | Acquired the scarf "Qiwacara" {rC+ rF+, rElec}
  1147 | D:3      | Acquired the ring of Geqo {Fire rPois Str+3 Int+6 Dex+3}
  1216 | D:3      | Found a runed translucent door.
  1218 | D:3      | Noticed retardedninja's ghost (amateur NaFi)
  1238 | D:3      | Killed retardedninja's ghost
  1239 | D:3      | Reached XP level 5. HP: 39/48 MP: 5/5
  1462 | D:3      | Reached skill level 5 in Armour
  1766 | D:3      | Reached XP level 6. HP: 46/55 MP: 6/6
  1930 | D:3      | Reached skill level 5 in Shields
  2006 | D:3      | Reached XP level 7. HP: 43/63 MP: 7/7
  2081 | D:3      | Reached skill level 6 in Armour
  3127 | D:4      | Found a staircase to the Ecumenical Temple.
  3260 | Temple   | Entered the Ecumenical Temple
  3471 | Temple   | Became a worshipper of Warmaster Okawaru
  3728 | D:5      | Entered Level 5 of the Dungeon
  3728 | D:5      | Noticed Pimp's ghost (novice FoFi)
  3728 | D:5      | Found a runed translucent gate.
  3728 | D:5      | Found a runed translucent gate.
  3728 | D:5      | Found a runed translucent gate.
  3729 | D:5      | Identified the +0 chain mail "Cownamecu" {Harm Rampage rC+}
  3729 | D:5      | Identified the +2 dagger "Hukuv" {freeze, rPois Int+3
                  | Dex+2}
  3729 | D:5      | Identified the +0 ring mail of the Griffon {Rampage rC+
                  | Will+}
  3786 | D:5      | Found a runed translucent door.
  3786 | D:5      | Noticed a human
  3812 | D:5      | Found a basalt altar of Yredelemnul.
  3827 | D:5      | Killed a human
  3828 | D:5      | Reached skill level 5 in Fighting
  3828 | D:5      | Reached XP level 8. HP: 69/72 MP: 8/8
  3931 | D:5      | HP: 1/72 [ogre/+0 giant spiked club (26)]
  3932 | D:5      | Reached * piety under Okawaru
  3944 | D:5      | Found a broken altar of Ashenzari.
  4467 | D:5      | Noticed Grinder
  4469 | D:5      | Paralysed by Grinder for 3 turns
  4477 | D:5      | Paralysed by Grinder for 3 turns
  4484 | D:5      | Paralysed by Grinder for 5 turns
  4492 | D:5      | Killed Grinder
  4493 | D:5      | Reached skill level 5 in Maces & Flails
  4493 | D:5      | Reached skill level 7 in Armour
  4755 | D:5      | Found a sparkling altar of Nemelex Xobeh.
  4756 | D:5      | Found a sacrificial altar of Ru.
  4925 | D:5      | Found a shimmering altar of Xom.
  5141 | D:5      | Killed Pimp's ghost
  5149 | D:5      | Reached XP level 9. HP: 26/80 MP: 9/9
  5170 | D:5      | Reached skill level 8 in Armour
  5619 | D:6      | Found a bloodstained altar of Trog.
  5655 | D:6      | Reached ** piety under Okawaru
  6014 | D:6      | Found Josuo's Assorted Antiques.
  6085 | D:6      | Bought a glowing morningstar for 210 gold pieces
  6231 | D:6      | Found an ancient bone altar of Kikubaaqudgha.
  6416 | D:7      | Found an ornate altar of the Wu Jian Council.
  6563 | D:7      | Found a hide-covered altar of Uskayaw.
  6958 | D:7      | Reached skill level 9 in Armour
  7006 | D:7      | Reached *** piety under Okawaru
  7442 | D:8      | Reached XP level 10. HP: 85/92 MP: 10/10
  7782 | D:8      | Reached **** piety under Okawaru
  8219 | D:9      | Noticed an ice statue
  8222 | D:9      | Noticed a tengu warrior
  8230 | D:9      | Found a transporter.
  8238 | D:9      | Noticed a two-headed ogre
  8241 | D:9      | Noticed an oklob plant
  8309 | D:9      | Noticed BlueFalcon's ghost (novice DjVM)
  8333 | D:9      | Noticed Erica
  8338 | D:9      | Killed Erica
  8505 | D:9      | Reached skill level 10 in Armour
  9007 | D:9      | Found a hazy altar of Hepliaklqana.
  9116 | D:9      | Found a transporter.
  9167 | D:9      | Killed BlueFalcon's ghost
  9167 | D:9      | Reached ***** piety under Okawaru
  9167 | D:9      | Received a gift from Okawaru
  9168 | D:9      | Reached XP level 11. HP: 72/100 MP: 11/11
  9210 | D:9      | Killed a two-headed ogre
  9210 | D:9      | Identified the +3 long sword "Gyviyt Fenk" {venom, +Blink
                  | rElec Will++ Int-3} (Okawaru gifted it to you on level 9 of
                  | the Dungeon)
  9210 | D:9      | Received a gift from Okawaru
  9241 | D:9      | HP: 5/100 [tengu warrior/+3 great mace (12)]
  9248 | D:9      | HP: 5/100 [tengu warrior/+3 great mace (10)]
  9520 | D:9      | Killed a tengu warrior
  9536 | D:9      | Killed an oklob plant
  9537 | D:9      | Reached skill level 10 in Shields
 10023 | D:9      | Found a staircase to the Orcish Mines.
 10184 | Orc:1    | Entered Level 1 of the Orcish Mines
 10184 | Orc:1    | Noticed an orc sorcerer
 10192 | Orc:1    | Killed an orc sorcerer
 10194 | Orc:1    | Reached skill level 11 in Armour
 10200 | Orc:2    | Entered Level 2 of the Orcish Mines
 10212 | Orc:1    | Noticed an orc warlord
 10600 | Orc:2    | Found a staircase to the Elven Halls.
 10601 | Orc:2    | Noticed an orc knight
 10800 | Orc:1    | Reached skill level 10 in Maces & Flails
 11191 | Orc:2    | HP: 2/151 [orc warrior/+0 battleaxe (19)]
 11191 | Orc:2    | Mangled by an orc warrior

Illustrated notes

Levels and vault maps discovered:
D:1:      minmay_arrival_plants_in_alcoves, layout_basic,
          minmay_misc_feat_plants, chequers_serial_rivers_marsh
D:2:      layout_basic, minmay_misc_feat_columns
D:3:      lemuel_castle_with_subvaults [lemuel_castle_interior_carwin_2],
          layout_rooms, ebering_ghost_sewer_d
D:4:      layout_loops_corners, minmay_temple_entry_gardened_gates,
          roderic_lattice_a
D:5:      layout_loops_corners, evilmike_ruin_ashenzari, dk_yredelemnul_ordeal,
          lemuel_crystal_altar, gammafunk_temple_overflow_pools, serial_demonic,
          serial_demonic_a, serial_demonic_e, serial_demonic_e,
          serial_demonic_c, biasface_ghost_orc_armoury, uniq_grinder
D:6:      layout_cave_pools, marbit_many_paths,
          mainiacjoe_overflow_surrounded_room, serial_shops, shop
D:7:      layout_cave_pods, nicolae_wu_jian_wuxing_cycle,
          mainiacjoe_overflow_alcove_4
D:8:      layout_basic, hangedman_abyss_or_decor_stagger
D:9:      layout_stronghold, nicolae_hepliaklqana_monster_ancestors, erik_orc_2,
          nzn_ghost_randoct, uniq_erica
Temple:   minmay_temple_curvy_loop
Orc:1:    layout_caves, nicolae_volcano_entry_hallway
Orc:2:    st_orc_rangers, layout_caves, gammafunk_ghost_grave, serial_shops,
          nicolae_shop_behind_doors, nicolae_specific_store

Skill      XL: |  1  2  3  4  5  6  7  8  9 10 11 |
---------------+----------------------------------+-----
Maces & Flails | 2 3 4 5 7 9 10 | 10.1
Fighting       | 3 4 5 6 7 8 |  8.6
Armour         | 4 5 6 7 9 10 11 | 11.2
Shields        | 4 5 6 7 8 9 10 | 10.3

Action                     |  1- 3 |  4- 6 |  7- 9 | 10-12 || total
---------------------------+-------+-------+-------+-------++-------
  Melee: Flail             |   150 |   144 |   333 |    45 ||   672
         Tailslap          |    10 |    17 |    57 |    30 ||   114
         Morningstar       |       |       |    82 |   236 ||   318
    Use: Scroll            |       |    14 |     3 |    20 ||    37
         Potion            |       |     1 |     4 |    12 ||    17
 Armour: Scale mail        |   115 |   123 |    75 |       ||   313
         Plate armour      |       |       |   267 |   225 ||   492
         Chain mail        |       |       |       |    29 ||    29
  Dodge: Dodged            |    58 |    42 |   105 |    66 ||   271
  Block: Buckler           |    31 |    54 |   126 |   117 ||   328

Table legend: (Time is in decaauts)
 A = Elapsed time spent in this place.
 B = Non-inter-level travel time spent in this place.
 C = Inter-level travel time spent in this place.
 D = Time resting spent in this place.
 E = Time spent auto-exploring this place.
 F = Levels seen in this place.
 G = Mean time per level.
                   A        B        C        D        E       F      G
               +--------+--------+--------+--------+--------+-----+--------+
         Total |  11339 |  10854 |    485 |   2880 |   5266 |  12 |  944.9 |
       Dungeon |  10098 |   9630 |    468 |   2070 |   5079 |   9 | 1122.0 |
        Temple |    230 |    213 |     17 |      0 |    187 |   1 |  230.0 |
  Orcish Mines |   1010 |   1010 |      0 |    810 |      0 |   2 |  505.0 |
               +--------+--------+--------+--------+--------+-----+--------+

Top non-repeatable levels by time:
     D:9: 1969 daAuts
     D:5: 1811 daAuts
     D:3: 1435 daAuts
     D:4: 974 daAuts
   Orc:1: 951 daAuts
     D:7: 909 daAuts
     D:6: 897 daAuts
     D:8: 894 daAuts
     D:1: 634 daAuts
     D:2: 572 daAuts
  Temple: 230 daAuts
   Orc:2: 59 daAuts
